 Dungeon Crawl Stone Soup version 0.30-a0-722-g3e6e8c874d (webtiles) character file.

Game seed: 13319757598591969940

50 testman the Vexing (level 3, 0/28 HPs)
             Began as a Gnoll Hexslinger on Jan 27, 2023.
             Slain by a jackal (2 damage)
             ... on level 2 of the Dungeon.
             The game lasted 00:03:38 (1421 turns).

testman the Vexing (Gnoll Hexslinger)               Turns: 1421, Time: 00:03:39

Health: 0/28       AC:  2    Str:  9    XL:     3   Next: 79%
Magic:  7/7        EV: 13    Int: 20    God:
Gold:   42         SH:  0    Dex: 12    Spells: 3/7 levels left

rFire   . . .      SeeInvis .    a - +1 sling
rCold   + . .      Faith    .    (no shield)
rNeg    . . .      Spirit   .    c - +0 robe
rPois   .          Reflect  .    (no helmet)
rElec   .          Harm     .    d - scarf {shadows}
rCorr   .          Rampage  .    (no gloves)
Will    .....                    (no boots)
Stlth   ++                       (no amulet)
HPRegen 0.24/turn                e - ring of protection from cold
MPRegen 0.10/turn                h - +6 ring of intelligence

@: lethally poisoned (0 -> -7)
A: fangs 1, strong nose, distributed training
a: no special abilities


You were on level 2 of the Dungeon.
You visited 1 branch of the dungeon, and saw 2 of its levels.

You collected 42 gold pieces.

Inventory:

Hand Weapons
 a - a +1 sling (weapon)
 j - a +0 rapier
Missiles
 k - 6 javelins
Armour
 c - a +0 robe (worn)
 d - a scarf of shadows (worn)
Jewellery
 e - a ring of protection from cold (left hand)
 h - a +6 ring of intelligence (right hand)
 i - a ring of positive energy
Scrolls
 b - a scroll of poison
 f - a scroll of brand weapon {unknown}
 n - a scroll of fog {unknown}
 p - a scroll of enchant weapon {unknown}
Potions
 g - a potion of curing {unknown}
 l - 2 potions of attraction {unknown}
 m - a potion of ambrosia {unknown}
 o - a potion of heal wounds {unknown}
 q - a potion of brilliance {unknown}


   Skills:
 + Level 2.6 Fighting
 + Level 1.0 Short Blades
 + Level 1.0 Long Blades
 + Level 1.0 Axes
 + Level 1.0 Maces & Flails
 + Level 1.0 Polearms
 + Level 1.0 Staves
 + Level 4.6 Ranged Weapons
 + Level 1.0 Throwing
 + Level 1.0 Armour
 + Level 4.6 Dodging
 + Level 1.0 Stealth
 + Level 1.0 Shields
 + Level 1.0 Unarmed Combat
 + Level 2.9 Spellcasting
 + Level 0.7 Conjurations
 + Level 5.4 Hexes
 + Level 0.7 Summonings
 + Level 0.7 Necromancy
 + Level 0.7 Translocations
 + Level 0.7 Transmutations
 + Level 0.7 Fire Magic
 + Level 0.7 Ice Magic
 + Level 0.7 Air Magic
 + Level 0.7 Earth Magic
 + Level 0.7 Poison Magic
 + Level 1.0 Invocations
 + Level 1.0 Evocations


You had 3 spell levels left.
You knew the following spells:

 Your Spells              Type           Power      Damage    Failure   Level
a - Slow                  Hex            96%        N/A       1%          1
b - Inner Flame           Hex/Fire       15%        N/A       12%         3

Your spell library contained the following spells:

 Spells                   Type           Power      Damage    Failure   Level
 Portal Projectile        Hex/Tloc       30%        N/A       12%         3
 Lesser Beckoning         Tloc           10%        N/A       16%         2
 Gell's Gravitas          Tloc           5%         N/A       32%         3
 Teleport Other           Tloc           5%         N/A       32%         3
 Cause Fear               Hex            12%        N/A       16%         4
 Flame Wave               Conj/Fire      5%         2d5       71%         4
 Sticky Flame             Conj/Fire      5%         2d3       71%         4


Dungeon Overview and Level Annotations

Branches:
Dungeon (2/15)

Altars:

Annotations:
D:2 Sigmund


Innate Abilities, Weirdness & Mutations

You have very sharp teeth.
Your uncanny sense of smell can sniff out nearby items.
Your experience applies equally to all skills.


Message History

The jackal bites you.
You shoot a sling bullet.
The sling bullet closely misses the jackal.
The sling bullet hits the jackal but does no damage.
The jackal closely misses you.
The jackal bites you but does no damage.
You shoot a sling bullet. The sling bullet hits the jackal.
The jackal is almost dead.
The jackal closely misses you.
You shoot a sling bullet. The sling bullet hits the jackal!
You kill the jackal!
The jackal misses you.
You shoot a sling bullet. The sling bullet misses the jackal.
The sling bullet hits Sigmund.
Sigmund is lightly wounded.
The jackal closely misses you. Sigmund barely misses you.
You shoot a sling bullet. The sling bullet hits the jackal.
The jackal is heavily wounded.
The jackal closely misses you. x2
You shoot a sling bullet.
The sling bullet completely misses the jackal.
The sling bullet barely misses Sigmund.
The jackal bites you but does no damage.
Sigmund hits you from afar with a +4 scythe of venom!
You are lethally poisoned!
The jackal bites you but does no damage.
You shoot a sling bullet.
The sling bullet barely misses the jackal.
The sling bullet barely misses Sigmund.
You feel very sick. The jackal closely misses you.
* * * LOW HITPOINT WARNING * * *
You feel very sick. The jackal barely misses you.
The jackal attacks as you move away! The jackal barely misses you.
* * * LOW HITPOINT WARNING * * *
You feel very sick.
* * * LOW HITPOINT WARNING * * *
You feel sick. The jackal bites you.
You die...

#........#####
#.#
#........h...#
#.#
........###.#
#.# .......##
#.# #.#
........# #.#
#.# ........#
#@# #.#
......@.# #.#
#.# .#####h##
#h# #.#
......h...#@#
#.#
.h........#.#
#.#
..........#.#
#.#
h.........#.#
#.#
...###+####.#
#.# ...
#.####.# #.#
#...##.# #.#
#...##.# #.#
#...##.# #.#


You could see Sigmund (slow) and a jackal.

Vanquished Creatures
  2 worms (D:2)
  2 dart slugs (D:1)
  3 bats
  4 endoplasms
  A giant cockroach (D:2)
  5 goblins
  4 hobgoblins
  A jackal (D:2)
  4 kobolds
  2 quokkas (D:1)
  A ball python (D:2)
  2 frilled lizards
  5 rats
36 creatures vanquished.

Notes
Turn   | Place    | Note
-------+----------+-------------------------------------------
     0 | D:1      | testman the Gnoll Hexslinger began the quest for the Orb.
     0 | D:1      | Reached XP level 1. HP: 17/17 MP: 4/4
   124 | D:1      | Reached XP level 2. HP: 23/23 MP: 5/5
   378 | D:1      | Found a faded altar of an unknown god.
   615 | D:1      | Reached XP level 3. HP: 28/28 MP: 7/7
   619 | D:1      | Learned a level 3 spell: Inner Flame
   978 | D:2      | Reached skill level 1 in Invocations
  1321 | D:2      | Reached skill level 1 in Short Blades
  1321 | D:2      | Reached skill level 1 in Long Blades
  1321 | D:2      | Reached skill level 1 in Axes
  1321 | D:2      | Reached skill level 1 in Maces & Flails
  1321 | D:2      | Reached skill level 1 in Polearms
  1321 | D:2      | Reached skill level 1 in Staves
  1321 | D:2      | Reached skill level 1 in Throwing
  1321 | D:2      | Reached skill level 1 in Armour
  1321 | D:2      | Reached skill level 1 in Stealth
  1321 | D:2      | Reached skill level 1 in Shields
  1321 | D:2      | Reached skill level 1 in Unarmed Combat
  1321 | D:2      | Reached skill level 1 in Evocations
  1395 | D:2      | Noticed Sigmund
  1421 | D:2      | Slain by a jackal

Illustrated notes

Levels and vault maps discovered:
D:1:      shiori_arrival_maze, layout_loops_ring,
          hellmonk_ecumenical_altar_lost_god, hangedman_decor_peaks_small
D:2:      cheibrodos_helix_gallery, layout_basic, minivault_26,
          kennysheep_flooded_box, hangedman_glass_teeth, uniq_sigmund

Skill      XL: |  1  2  3 |
---------------+----------+-----
Invocations    | 1 |  1.0
Short Blades   | 1 |  1.0
Long Blades    | 1 |  1.0
Axes           | 1 |  1.0
Maces & Flails | 1 |  1.0
Polearms       | 1 |  1.0
Staves         | 1 |  1.0
Throwing       | 1 |  1.0
Armour         | 1 |  1.0
Stealth        | 1 |  1.0
Shields        | 1 |  1.0
Unarmed Combat | 1 |  1.0
Evocations     | 1 |  1.0
Fighting       | |  2.6
Ranged Weapons | |  4.6
Dodging        | |  4.6
Spellcasting   | |  2.9
Conjurations   | |  0.7
Hexes          | |  5.4
Summonings     | |  0.7
Necromancy     | |  0.7
Translocations | |  0.7
Transmutations | |  0.7
Fire Magic     | |  0.7
Ice Magic      | |  0.7
Air Magic      | |  0.7
Earth Magic    | |  0.7
Poison Magic   | |  0.7

Action                     || total
---------------------------++-------
   Fire: Sling             ||   122
   Cast: Slow              ||     2
 Armour: Robe              ||     6
  Dodge: Dodged            ||    29

Table legend: (Time is in decaauts)
 A = Elapsed time spent in this place.
 B = Non-inter-level travel time spent in this place.
 C = Inter-level travel time spent in this place.
 D = Time resting spent in this place.
 E = Time spent auto-exploring this place.
 F = Levels seen in this place.
 G = Mean time per level.
                   A        B        C        D        E       F      G
               +--------+--------+--------+--------+--------+-----+--------+
         Total |   1440 |   1406 |     34 |      0 |   1144 |   2 |  720.0 |
       Dungeon |   1440 |   1406 |     34 |      0 |   1144 |   2 |  720.0 |
               +--------+--------+--------+--------+--------+-----+--------+

Top non-repeatable levels by time:
     D:1: 873 daAuts
     D:2: 567 daAuts
